 Dungeon Crawl Stone Soup version 0.18-a0-337-g1235303 (webtiles) character file.

113999 Raultor the Alchemist (level 16, -35/178 HPs)
             Began as a Yellow Draconian Transmuter on Nov 28, 2015.
             Was the Champion of Makhleb.
             Hit by a large rock thrown by a stone giant (50 damage)
             ... on level 1 of the Depths.
             The game lasted 02:18:07 (25231 turns).

Raultor the Alchemist (DrTm)                       Turns: 25231, Time: 02:18:08

Health: -35/178    AC:  8    Str: 22    XL:     16   Next: 15%
Magic:  15/23      EV: 13    Int: 14    God:    Makhleb [******]
Gold:   175        SH:  0    Dex: 15    Spells: 5 memorised, 4 levels left

rFire  + . .     SeeInvis .       - Unarmed
rCold  . . .     Clarity  .     (armour unavailable)
rNeg   . . .     SustAt   .     (shield currently unavailable)
rPois  +         Gourm    .     (helmet currently unavailable)
rElec  .         Spirit   .     (cloak currently unavailable)
rCorr  .         Warding  .     (gloves currently unavailable)
rMut   .         Stasis   .     (boots currently unavailable)
MR     +....                    B - amulet of regeneration
Stlth  +.........               I - +5 ring of slaying
                                W - ring of protection from fire

@: liquid flames, hydra-form, glowing, drained, somewhat resistant to hostile
enchantments, very unstealthy
A: (spit acid), (acid resistance), unfitting armour, (horns 0), low mp 1, weak
1, (acidic bite), (cold-blooded), AC +9
a: End Transformation, Minor Destruction, Lesser Servant of Makhleb, Major
Destruction, Greater Servant of Makhleb, Renounce Religion


You were on level 1 of the Depths.
You worshipped Makhleb.
Makhleb was exalted by your worship.
You were not hungry.
You were a five-headed hydra.
You visited 6 branches of the dungeon, and saw 30 of its levels.

You collected 2940 gold pieces.
You spent 2765 gold pieces at shops.

Inventory:

Armour
 b - a +1 cloak of magic resistance (melded)
 n - the +2 pair of fencer's gloves (melded) {LBl+4 SBl+4 EV+3 Dex+6}
   (You found it on level 1 of the Lair of Beasts)

   It affects your evasion (+3).
   It affects your dexterity (+6).
 y - a +2 pair of boots (melded)
 J - a +2 hat of intelligence (melded)
Jewellery
 d - a +6 ring of evasion
 o - an uncursed ring of flight
 B - an amulet of regeneration (around neck)
 H - an uncursed ring of poison resistance
 I - a +5 ring of slaying (right foreclaw)
 R - an uncursed amulet of clarity
 U - an uncursed ring of see invisible
 W - a ring of protection from fire (left foreclaw)
 Z - an uncursed amulet of resist mutation
Wands
 E - a wand of fireball (4)
 V - a wand of digging (20)
 X - a wand of flame (17)
Scrolls
 e - 4 scrolls of remove curse
 f - 2 scrolls of enchant weapon
 g - a scroll of fog
 h - 3 scrolls of identify
 i - a scroll of magic mapping
 k - 6 scrolls of recharging
 m - 5 scrolls of amnesia
 v - a scroll of silence
 K - 4 scrolls of teleportation
 P - a scroll of enchant armour
 Q - a scroll of brand weapon
Potions
 l - 2 potions of flight
 p - a potion of cure mutation
 r - 2 potions of cancellation
 s - 2 potions of heal wounds
 w - 2 potions of haste
 A - a potion of resistance
 C - a potion of invisibility
 D - a potion of berserk rage
 L - 2 potions of might
 N - 3 potions of curing
 T - 2 potions of agility
Books
 a - a book of the Sky

   Spells                             Type                      Level
   a - Summon Lightning Spire         Summoning/Air                4
   b - Airstrike                      Air                          4
   c - Silence                        Hexes/Air                    5
   d - Deflect Missiles               Charms/Air                   6
   e - Conjure Ball Lightning         Conjuration/Air              6
   f - Tornado                        Air                          9
 q - a book of Ice

   Spells                             Type                      Level
   a - Ice Form                       Ice/Transmutation            4
   b - Metabolic Englaciation         Hexes/Ice                    5
   c - Ozocubu's Refrigeration        Ice                          6
   d - Bolt of Cold                   Conjuration/Ice              6
   e - Freezing Cloud                 Conjuration/Ice/Air          6
   f - Simulacrum                     Ice/Necromancy               6
 t - a book of the Dragon

   Spells                             Type                      Level
   a - Flame Tongue                   Conjuration/Fire             1
   b - Cause Fear                     Hexes                        4
   c - Bolt of Fire                   Conjuration/Fire             6
   d - Dragon Form                    Transmutation                7
   e - Dragon's Call                  Summoning                    9
Comestibles
 c - 9 bread rations
 j - 9 slices of pizza
 u - 10 meat rations
 z - 7 beef jerkies
 G - 8 fruits


   Skills:
 - Level 11.0(10.2) Fighting
 - Level 10.1(9.3) Dodging
 - Level 14.4(13.6) Unarmed Combat
 - Level 5.0(4.4) Spellcasting
 + Level 15.7(14.9) Transmutations
 - Level 13.8(13.0) Invocations


You had 4 spell levels left.
You knew the following spells:

 Your Spells              Type           Power        Failure   Level  Hunger
a - Beastly Appendage     Trmt           #####.       1%          1    None
b - Sticks to Snakes      Trmt           #####...     1%          2    ##.....
c - Blade Hands           Trmt           #####.....   1%          5    ######.
d - Hydra Form            Trmt           #####.....   8%          6    #######
e - Dragon Form           Trmt           #####.....   34%         7    #######


Dungeon Overview and Level Annotations

Branches:
Dungeon (15/15)            Temple (1/1) D:6            Lair (8/8) D:11
  Swamp (0/4) Lair:4       Spider (0/4) Lair:4        Slime (1/6) Lair:8
    Orc (4/4) D:11            Elf (0/3) Orc:3        Vaults (0/5) D:14
 Depths (1/5) D:15

Altars:
Ashenzari
Cheibriados
Dithmenos
Elyvilon
Fedhas
Gozag
Kikubaaqudgha
Makhleb
Nemelex Xobeh
Okawaru
Qazlal
Ru
Sif Muna
Trog
Vehumet
Xom
Yredelemnul
Zin
The Shining One

Shops:
D:8 (   D:9 *   D:13 :*!%   Orc:1 [   Orc:2 [   Orc:3 %   Orc:4 ?}![

Portals:
Pandemonium: Orc:4
Ziggurat: Depths:1


Innate Abilities, Weirdness & Mutations

((You can spit globs of acid.))
((You are resistant to acid.))
((Your golden yellow scales are hard (AC +9).))
Your body does not fit into most forms of armour.
((You have acidic saliva.))
((You are cold-blooded and may be slowed by cold attacks.))
((You have a pair of small horns on your head.))
Your magical capacity is low (-10% MP).
You are weak. (Str -2)


Message History

The ice dragon bites you!
The ice dragon claws you but does no damage.
The ice dragon tramples you.
You stumble backwards!
A stone giant comes into view.
You gouge the ice dragon!!
The ice dragon is moderately wounded.
You are covered in liquid flames!
The stone giant throws a large rock.
The large rock hits you!!
* * * LOW HITPOINT WARNING * * *
The ice dragon breathes frost at you. The blast of cold hits you!
* * * LOW HITPOINT WARNING * * *
You gouge the ice dragon!!
The ice dragon is heavily wounded.
You gouge the red very ugly thing!!
The red very ugly thing is heavily wounded.
You are covered in liquid flames!
* * * LOW HITPOINT WARNING * * *
The stone giant throws a large rock.
The large rock hits you!!!
You die...

#...............([.[.## #...
.....###C......###((..#####..#
..... #.........#..(..#.....##
...#. #..#...#..#..#.........#
... ####...#######..........
#..#...#..#..#.....#....
#.........#........#....
#.......###............
....###Du....###........ ....
#..D.....#.........
#(.#T.#..#..#.....#
####Q.#######.....# #..#..#..#
#....## #........# .......
##.Q....## ........
....###.... ....... .....


You could see a red very ugly thing, an ice dragon, a stone giant, a tengu
warrior and a deep troll shaman.

Vanquished Creatures
  Saint Roka (Orc:4)
  Rupert (Orc:2)
  An acid blob (Slime:1)
  Frances (D:12)
  An azure jelly (Slime:1)
  Nessos (D:12)
  A salamander stormcaller (D:14)
  A dire elephant (Lair:8)
  Snorg (Lair:3)
  A fire dragon (D:15)
  The ghost of 4thArraOfDagon the Cleaver, a journeyman HOAr of the Shining One (D:12)
  An entropy weaver (Depths:1)
  2 ice dragons (D:15)
  8 hydras
  2 catoblepae
  Erolcha (D:12)
  4 centaur warriors
  2 dancing weapons (D:14)
  2 tengu warriors
  7 death yaks
  5 orc high priests (Orc:4)
  A deep troll shaman (Lair:8)
  A queen ant (Lair:4)
  A sun demon (Orc:4)
  6 hell knights (Depths:1)
  3 unseen horrors
  An infernal demonspawn (Orc:4)
  4 skeletal warriors (D:15)
  A putrid demonspawn (Orc:4)
  A necromancer (Depths:1)
  A swamp dragon (Lair:4)
  4 ugly things
  4 hill giants
  5 cyclopes
  3 wolf spider zombies
  6 orc sorcerers (Orc:4)
  A salamander (shapeshifter) (D:14)
  4 orc knights (Orc:4)
  A manticore (D:15)
  3 griffons
  3 shining eyes (Slime:1)
  5 black mambas
  A spiny frog (shapeshifter) (D:13)
  3 gargoyles
  An orange demon (Orc:4)
  13 elephants
  3 torpor snails
  10 spiny frogs
  A yaktaur (Depths:1)
  2 ice devils (Orc:4)
  7 komodo dragons
  A kobold demonologist (D:13)
  A hellwing (Orc:4)
  3 fire drakes
  10 trolls
  A red devil (Orc:4)
  A freezing wraith (D:15)
  2 tengu conjurers
  3 polar bears
  10 slime creatures
  Grinder (D:4)
  2 two-headed ogres
  11 blink frogs
  A boulder beetle (Lair:5)
  3 trapdoor spiders (Lair:4)
  A spriggan (Lair:8)
  2 wyverns
  3 basilisks
  25 yaks
  A hog (shapeshifter) (Depths:1)
  7 wraiths
  6 hippogriffs
  3 hungry ghosts
  A human (D:7)
  A mottled dragon (D:11)
  A chaos spawn (Orc:4)
  7 swamp worms (Lair:1)
  2 wargs (Orc:4)
  11 soldier ants (Lair:4)
  16 porcupines
  4 wolves (Lair:8)
  28 orc warriors
  17 water moccasins
  An eye of draining (shapeshifter) (Depths:1)
  5 ice beasts
  2 black bears
  2 eyes of draining
  27 centaurs
  4 phantoms
  A wasp (D:7)
  4 sky beasts
  11 ogres
  18 crocodiles
  3 big kobolds
  11 giant frogs
  A gnoll sergeant (D:13)
  3 scorpions
  11 killer bees (D:11)
  3 electric eels
  3 wights (D:15)
  2 vampire bats (D:2)
  A crimson imp (D:12)
  3 giant frog zombies
  4 centaur zombies
  5 hounds
  29 orc priests
  17 orc wizards
  A giant frog skeleton (D:6)
  8 iguanas
  10 jellies
  5 centaur skeletons
  Natasha (twice) (D:2)
  45 worker ants
  20 sheep
  A hound skeleton (D:9)
  A mummy (D:8)
  16 gnolls
  12 adders
  83 river rats
  3 shadow imps
  11 white imps (D:11)
  6 oozes
  An adder zombie (D:7)
  3 adder skeletons
  18 worms
  4 giant geckos
  144 orcs
  14 bats
  2 bat skeletons (D:2)
  4 bat zombies (D:2)
  10 giant cockroaches
  12 hobgoblins
  6 quokkas
  A ball python (D:5)
  6 giant newts
  8 goblins
  6 jackals
  A jackal skeleton (D:5)
  A jackal zombie (D:6)
  13 kobolds
  A quokka skeleton (D:6)
  A quokka zombie (D:6)
  8 rats
  A fungus (Lair:6)
  A plant (Lair:6)
992 creatures vanquished.

Vanquished Creatures (collateral kills)
  Gastronok (D:12)
  Josephine (Lair:4)
  Sonja (D:12)
  An unseen horror (D:12)
  2 orc warriors
  A giant frog (D:12)
  3 orc priests
  An iguana (D:12)
  2 orc wizards
  An adder (D:12)
  A white imp (D:11)
  12 orcs
  3 kobolds (D:7)
30 creatures vanquished.

Vanquished Creatures (others)
  A yak (Lair:8)
  24 fungi
  10 plants
35 creatures vanquished.

Grand Total: 1057 creatures vanquished

Notes
Turn   | Place    | Note
--------------------------------------------------------------
     0 | D:1      | Raultor the Draconian Transmuter began the quest for the Orb.
     0 | D:1      | Reached XP level 1. HP: 16/16 MP: 3/3
   158 | D:1      | Reached XP level 2. HP: 15/23 MP: 3/5
   823 | D:2      | Reached XP level 3. HP: 20/28 MP: 4/6
  1030 | D:2      | Noticed Natasha
  1041 | D:2      | Reached XP level 4. HP: 22/35 MP: 7/7
  1045 | D:2      | Learned a level 2 spell: Sticks to Snakes
  1169 | D:2      | Killed Natasha
  1231 | D:2      | Reached skill level 4 in Transmutations
  1244 | D:2      | Noticed Natasha
  1256 | D:2      | Killed Natasha
  1696 | D:2      | Found a deep blue altar of Sif Muna.
  1823 | D:2      | Reached XP level 5. HP: 40/40 MP: 8/8
  1839 | D:2      | Found an ancient bone altar of Kikubaaqudgha.
  1853 | D:2      | Reached skill level 5 in Transmutations
  2352 | D:3      | Reached XP level 6. HP: 43/47 MP: 7/9
  2714 | D:3      | Learned a level 5 spell: Blade Hands
  2822 | D:4      | Noticed Grinder
  2828 | D:4      | Paralysed by Grinder for 5 turns
  2837 | D:4      | Paralysed by Grinder for 4 turns
  2851 | D:4      | Killed Grinder
  2851 | D:4      | Reached skill level 5 in Unarmed Combat
  2851 | D:4      | Reached skill level 6 in Transmutations
  3314 | D:5      | Entered Level 5 of the Dungeon
  3329 | D:5      | Your scales start taking on a golden yellow colour.
  3329 | D:5      | Reached XP level 7. HP: 24/52 MP: 3/10
  3837 | D:5      | Reached skill level 7 in Transmutations
  3887 | D:5      | Found a stormy altar of Qazlal.
  3935 | D:5      | Found a shimmering altar of Xom.
  4503 | D:6      | Reached XP level 8. HP: 53/59 MP: 11/11
  4571 | D:6      | Reached skill level 8 in Transmutations
  4786 | D:6      | Found an iron altar of Okawaru.
  4977 | D:6      | Found a staircase to the Ecumenical Temple.
  4988 | Temple   | Entered the Ecumenical Temple
  5065 | Temple   | Became a worshipper of Makhleb the Destroyer
  5402 | D:7      | Reached skill level 9 in Transmutations
  5541 | D:7      | Paralysed by a wasp for 1 turns
  5552 | D:7      | Reached * piety under Makhleb
  5778 | D:7      | Reached skill level 10 in Transmutations
  5778 | D:7      | Reached XP level 9. HP: 64/64 MP: 6/12
  6162 | D:8      | Found a glowing golden altar of the Shining One.
  6273 | D:8      | Found a shattered altar of Ashenzari.
  6373 | D:8      | Found Gazuin's Weapon Boutique.
  6781 | D:8      | Reached ** piety under Makhleb
  6871 | D:8      | Killed an unseen horror
  6871 | D:8      | Reached skill level 11 in Transmutations
  6999 | D:8      | Found a snail-covered altar of Cheibriados.
  7175 | D:9      | Found Sesew's Assorted Antiques.
  7180 | D:9      | Bought a lumpy diamond amulet for 120 gold pieces
  7180 | D:9      | Bought a moonstone ring for 120 gold pieces
  7345 | D:9      | Reached XP level 10. HP: 64/72 MP: 8/13
  7423 | D:9      | Reached skill level 1 in Invocations
  8017 | D:10     | Entered Level 10 of the Dungeon
  8452 | D:10     | Reached *** piety under Makhleb
  9279 | D:11     | Noticed a brown ugly thing
  9289 | D:11     | Killed a brown ugly thing
  9289 | D:11     | Reached skill level 10 in Unarmed Combat
  9415 | D:11     | Found a frozen archway.
  9419 | D:11     | Noticed a hill giant
  9441 | D:11     | Killed a hill giant
  9442 | D:11     | Reached **** piety under Makhleb
  9472 | D:11     | Reached XP level 11. HP: 85/85 MP: 4/14
  9477 | D:11     | Noticed a hill giant
  9495 | D:11     | Killed a hill giant
  9575 | D:11     | Reached skill level 5 in Fighting
  9581 | D:11     | Found a staircase to the Lair.
  9813 | D:11     | Found a staircase to the Orcish Mines.
 10138 | Lair:1   | Entered Level 1 of the Lair of Beasts
 10156 | Lair:1   | Reached ***** piety under Makhleb
 10218 | Lair:1   | Reached skill level 5 in Invocations
 10440 | Lair:1   | You fall through a shaft!
 10473 | Lair:2   | Reached skill level 5 in Dodging
 10729 | Lair:2   | Learned a level 6 spell: Hydra Form
 11018 | Lair:1   | Noticed a four-headed hydra
 11027 | Lair:1   | Killed a four-headed hydra
 11027 | Lair:1   | Reached skill level 12 in Transmutations
 11594 | Lair:1   | Noticed an eight-headed hydra
 11617 | Lair:3   | Noticed a four-headed hydra
 11715 | Lair:3   | Killed a four-headed hydra
 11715 | Lair:3   | Reached ****** piety under Makhleb
 11778 | Lair:3   | Reached XP level 12. HP: 81/96 MP: 7/17
 11808 | Lair:3   | Noticed Snorg
 11828 | Lair:3   | HP: 2/144 [Snorg (22)]
 11829 | Lair:3   | Killed Snorg
 11995 | Lair:3   | Got an iridescent dagger
 12064 | Lair:3   | Identified the +9 dagger "Noch" {freeze, Dex+5} (You found it on level 3 of the Lair of Beasts)
 12452 | Lair:3   | Reached skill level 5 in Spellcasting
 12788 | Lair:4   | Noticed Josephine
 12797 | Lair:4   | Killed Josephine
 12857 | Lair:4   | Found a hole to the Spider Nest.
 12966 | Lair:4   | Found a staircase to the Swamp.
 13340 | Lair:4   | Reached skill level 10 in Invocations
 13404 | Lair:4   | Noticed a five-headed hydra
 13414 | Lair:4   | Killed a five-headed hydra
 13414 | Lair:4   | Reached skill level 13 in Transmutations
 13414 | Lair:4   | Reached XP level 13. HP: 107/107 MP: 14/20
 13442 | Lair:4   | Got a brightly glowing spear
 13449 | Lair:4   | Identified the +6 spear "Lisifuat" {drain, Str+4 Dex+3 SInv Stlth-} (You found it on level 4 of the Lair of Beasts)
 15646 | Lair:7   | Reached skill level 14 in Transmutations
 15835 | Lair:8   | Entered Level 8 of the Lair of Beasts
 16187 | Lair:8   | Gained mutation: You have acidic saliva. [Yellow Draconian growth]
 16187 | Lair:8   | Reached XP level 14. HP: 115/115 MP: 17/22
 16332 | Lair:8   | Got a faintly glowing morningstar
 16471 | Lair:8   | Found a staircase to the Slime Pits.
 17057 | Lair:1   | Identified 2 scrolls of acquirement
 17157 | Orc:1    | Entered Level 1 of the Orcish Mines
 17157 | Orc:1    | Found Devewuuxi's Armour Emporium.
 17661 | Orc:2    | Found Nyatree's Antique Armour Emporium.
 17673 | Orc:2    | Bought an embroidered cloak for 139 gold pieces
 17673 | Orc:2    | Bought a runed cloak for 139 gold pieces
 17739 | Orc:2    | Noticed Rupert
 17756 | Orc:2    | Killed Rupert
 17756 | Orc:2    | Reached skill level 15 in Transmutations
 18449 | Orc:3    | Found a staircase to the Elven Halls.
 18494 | Orc:3    | Found Leajeli's Food Shop.
 18600 | Orc:4    | Entered Level 4 of the Orcish Mines
 18766 | Orc:4    | Found Reghuit's Distillery.
 18768 | Orc:4    | Noticed Saint Roka
 19132 | Orc:4    | Found Wobbuq's Magic Scroll Shoppe.
 19298 | Orc:4    | Bought a potion of heal wounds for 60 gold pieces
 19298 | Orc:4    | Bought a potion of cure mutation for 420 gold pieces
 19300 | Orc:4    | Bought a scroll of teleportation for 39 gold pieces
 19300 | Orc:4    | Bought a scroll of silence for 97 gold pieces
 19300 | Orc:4    | Bought 2 scrolls of identify for 52 gold pieces
 19615 | Orc:4    | Gained mutation: Your magical capacity is low (-10% MP). [a neqoxec]
 19734 | Orc:4    | Found Neclyppuy's Gadget Boutique.
 19734 | Orc:4    | Found Kyimijiz's Antique Armour Shop.
 19735 | Orc:4    | Found a one-way gate leading to the halls of Pandemonium.
 19739 | Orc:4    | Bought a cloak for 139 gold pieces
 19871 | Orc:4    | Killed Saint Roka
 20197 | Orc:4    | Reached XP level 15. HP: 124/124 MP: 15/21
 20444 | D:12     | Noticed Nessos
 20479 | D:12     | Killed Nessos
 20512 | D:12     | Noticed 4thArraOfDagon's ghost (journeyman HOAr)
 20532 | D:12     | Killed 4thArraOfDagon's ghost
 20595 | D:12     | Noticed Gastronok
 20603 | D:12     | Killed Gastronok
 20691 | D:12     | Noticed Sonja
 20695 | D:12     | Killed Sonja
 20772 | D:12     | Found a labyrinth entrance.
 20836 | D:12     | Noticed Frances
 20847 | D:12     | Killed Frances
 20851 | D:12     | Gained mutation: You have a pair of small horns on your head. [potion of beneficial mutation]
 21118 | D:12     | Noticed Erolcha
 21125 | D:12     | Killed Erolcha
 21315 | D:13     | Found Esea's Assorted Antiques.
 21377 | D:13     | Found Heisas's Book Emporium.
 21445 | D:13     | Found Yheyvv Zasm's Distillery.
 21500 | D:13     | Found Vaumn's Food Shop.
 21994 | D:14     | Found a gate to the Vaults.
 22088 | D:14     | Reached skill level 10 in Fighting
 22157 | D:14     | Found a burning altar of Makhleb.
 22452 | D:15     | Entered Level 15 of the Dungeon
 22662 | D:15     | Found a staircase to the Depths.
 24038 | Slime:1  | Entered Level 1 of the Pits of Slime
 24076 | Slime:1  | Gained mutation: You are weak. (Str -2) [a shining eye]
 24080 | Slime:1  | Reached skill level 10 in Dodging
 24143 | Slime:1  | Noticed an azure jelly
 24150 | Slime:1  | Killed an azure jelly
 24168 | Slime:1  | Noticed an acid blob
 24174 | Slime:1  | Killed an acid blob
 24471 | D:13     | Bought a book of the Dragon for 1440 gold pieces
 24479 | D:13     | Learned a level 7 spell: Dragon Form
 24590 | Depths:1 | Entered Level 1 of the Depths
 24628 | Depths:1 | Reached XP level 16. HP: 88/137 MP: 17/23
 25185 | Depths:1 | Found a gateway to a ziggurat.
 25218 | Depths:1 | Found a shimmering altar of Xom.
 25231 | Depths:1 | Hit by a large rock thrown by a stone giant

Vault maps used:
D:1:      sevenhm_arrival_forest_fort_large_2
D:2:      kennysheep_vampire_church, led_sif_pool, uniq_natasha
D:4:      uniq_grinder
D:5:      tgw_xom, first_bread, hangedman_decor_points, wad_floor_pattern_1,
          grunt_qazlal_clouds
D:6:      lemuel_crystal_altar, minmay_temple_entry_purple_smoke
D:7:      grunt_livestock, interstate_on_off
D:8:      slow_altar_2, evilmike_ruin_ashenzari, serial_shops,
          nicolae_shop_crystal, tso_metal_star
D:9:      serial_shops, shop_fountains
D:11:     due_lair_maze_entry_diamond, david_orc_4, portal_ice_cave_entry_imps
D:12:     lab_entry_generic, uniq_frances, uniq_sonja, uniq_erolcha,
          uniq_gastronok, uniq_nessos
D:13:     serial_shops, shop, shop_statue, shop, shop, minmay_misc_feat_encased
D:14:     erik_vaults_1, serial_park_tiny_1, makhleb_altar_promises_db
D:15:     grunt_enter_depths_hoard, minmay_misc_feat_alley
Temple:   water_room_temple_a_12
Lair:1:   worms_lemuel, serial_bayou_shore_a
Lair:2:   beast_lair_carwin_8
Lair:3:   uniq_snorg
Lair:4:   minmay_swamp_entry_reptiles, spider_nest_entry_webs, zaba_anthell,
          uniq_josephine
Lair:5:   st_stairs_9, nicolae_quartered_pool_medium,
          kennysheep_catoblepas_arena
Lair:6:   beast_lair_carwin_2
Lair:8:   grunt_lair_end_beastmaster, nicolae_slime_entry_slimehenge,
          eino_small_chamber_without_monster, grunt_forest_large_clearing_hut
Orc:1:    serial_shops, nicolae_shop_trees
Orc:2:    serial_shops, nicolae_shop_waterfront, uniq_rupert
Orc:3:    serial_shops, shop, nicolae_orc_pool_cavern, nicolae_orc_rockfall
Orc:4:    pf_orc_diabolical, uniq_saint_roka
Depths:1: hangedman_cross_cluster, enter_ziggurat_f, grunt_hell_entry_dis_grunt,
          nicolae_abyss_entry_one_way_or_another, kennysheep_small_spiral,
          minmay_crystal_box, uniq_wiglaf

Action                   |  1- 3 |  4- 6 |  7- 9 | 10-12 | 13-15 | 16-18 || total
-------------------------+-------+-------+-------+-------+-------+-------++-------
Melee: Unarmed           |   152 |   237 |   369 |   743 |  1151 |    51 ||  2703
       Staff             |       |       |       |       |     8 |       ||     8
 Fire: Blowgun           |       |     4 |       |       |       |       ||     4
 Cast: Beastly Appendage |     9 |    18 |    15 |     1 |       |       ||    43
       Sticks to Snakes  |       |    12 |     7 |       |       |       ||    19
       Blade Hands       |       |       |    12 |    54 |    67 |     3 ||   136
       Hydra Form        |       |       |       |     6 |    34 |     1 ||    41
       Dragon Form       |       |       |       |       |       |     1 ||     1
Invok: Lesser Servant of |       |       |       |     2 |       |       ||     2
       Greater Servant o |       |       |       |       |     5 |       ||     5
       Major Destruction |       |       |       |       |     2 |       ||     2
 Abil: Spit Acid         |       |       |    10 |     2 |       |     1 ||    13
       End Transformatio |       |       |       |       |     2 |       ||     2
Evoke: Deck              |       |       |       |       |     1 |       ||     1
  Use: Scroll            |       |       |     6 |     9 |    27 |       ||    42
       Potion            |       |       |       |     4 |     4 |     1 ||     9
 Stab: Sleeping          |       |     1 |       |     7 |     8 |       ||    16
       Distracted        |       |       |       |     2 |     1 |     1 ||     4
  Eat: Chunk             |     1 |     8 |    20 |    30 |    16 |       ||    75
       Royal jelly       |       |       |     1 |     1 |     1 |       ||     3
       Bread ration      |       |       |       |     2 |       |     1 ||     3
       Beef jerky        |       |       |       |     1 |       |       ||     1
       Pizza             |       |       |       |       |     2 |       ||     2
